Match 41222065
Unlisted

Match 41222065
End
Kettenkrad Recon Vehicle
Construct Infanterie Kompanie
Selects Terror Battlegroup
MG 42 Machine Gun Team
Grenadier Squad
Grenadier Squad
Grenadier Squad
Pioneer Squad
Selects Contempt for the Weak
Selects Machine Gun Camouflage
Construct Panzergrenadier Kompanie
251 Medium Carrier
Panzergrenadier Squad
MG 42 Machine Gun Team
Selects Defend the Fatherland
Pak 40 Anti-tank Gun Team
Medical Bunker
Pioneer Squad
Pak 40 Anti-tank Gun Team
Pak 40 Anti-tank Gun Team
Support Elements
Nebelwerfer 42 Rocket Launcher Team
Panzergrenadier Squad
Pioneer Squad
Selects King Tiger Heavy Tank
King Tiger Heavy Tank
MG 42 Machine Gun Team
Pioneer Squad
Pioneer Squad
Pak 40 Anti-tank Gun Team
MG 42 Machine Gun Team
Pak 40 Anti-tank Gun Team
Selects Jericho Trumpet
MG 42 Machine Gun Team
Strider_perc
KevinTDW
0
0

Comments sign in to comment!

No comments posted yet!